Green, chaotic male elven Priest --- ..| --.. |.. -------.- - -- ---------..--...--- ---------------------- -------- --- |.............G@.........<..G.....h.......G..................................| --- - -------...---.----- .------ ------------- ---------- ------- |...- |.- - |.*..||.. |....--.. ---... .. -...... ...... ....... ......>. |....--- -.--- -- Green the Acolyte Experience level: 4 Strength: 12 Dexterity: 10 Constitution: 15 Intelligence: 9 Wisdom: 15 Charisma: 11 Health: 0(29) Energy: 53(53) Def: 6 Gold: 187 Moves: 1262 Dungeon seed: eCi_0q_lGUmIfoEs Game ID: Green_1615037997 Your Inventory: Coins $ - 187 gold pieces Weapons a - a blessed very corroded +1 mace (weapon in hand) l - 17 +0 darts (in quiver) Armor e - a +0 robe (being worn) n - a +0 small shield (being worn) r - a +0 pair of iron shoes (being worn) N - a +0 orcish helm (being worn) Comestibles c - a clove of garlic d - a sprig of wolfsbane k - a eucalyptus leaf m - 2 food rations Spellbooks f - a spellbook of identify g - a spellbook of remove curse Potions b - 4 potions of holy water Tools h - a wooden harp i - a tin whistle s - a wax candle (0:400) Gems q - 2 worthless pieces of violet glass z - 2 garnet stones Spells and supernatural/magical abilities: Name Level Category Fail Memory r - remove curse 3 clerical 0% 94% I - identify 3 divination 100% 94% W - pray for help -- divine ? -- X - turn undead -- divine ? -- Your skills at the end: Fighting Skills Weapon Skills mace [Basic] Spellcasting Skills clerical spells [Basic] Final Attributes: You were piously aligned. You were sleep resistant. You had infravision. You are dead. Vanquished creatures: 2 gnome lords 2 dwarves an iguana 2 acid blobs a hobbit a large kobold a hobgoblin 9 gnomes 2 geckos 5 jackals a fox 6 grid bugs 4 lichens a newt 38 creatures vanquished. Voluntary challenges: You were an atheist. You used a wielded weapon 44 times, starting on turn 2. You read items or engraved 2 times, starting on turn 546. You never genocided any monsters. You never polymorphed an object. You never changed form. You used no wishes. You never split a pudding. You never wrote Elbereth's name. You never violated your personal moral code. Dungeon overview: The Dungeons of Doom: levels 1 to 3 Level 1 a long staircase Level 2 stairs to The Gnomish Mines Level 3 The Gnomish Mines: levels 3 to 4 Level 3 stairs to The Dungeons of Doom Level 4 <- You were here History has recorded: On T:1 you entered the Dungeons of Doom to retrieve the Amulet of Yendor! On T:216 you reached level 2 of The Dungeons of Doom. On T:412 you reached level 3 of The Dungeons of Doom. On T:499 you advanced to experience level 2. On T:958 you reached level 1 of The Gnomish Mines. On T:967 you advanced to experience level 3. On T:1037 you advanced to experience level 4. On T:1242 you reached level 2 of The Gnomish Mines. Score breakdown: Gold: 187 ( 7735 points) Experience: 4 levels ( 9649 points) Exploration: 4 levels ( 8.70%) ( 7745 points) Discoveries: 11 items ( 3.85%) ( 5883 points) Valuables value: (no points given unless you survive) Artifact value: 0 ( 0 points) Variety of kills: 14 monsters ( 3.67%) ( 5750 points) Turncount: 1262 turns ( 0 points) Survival: died (score multiplied by 80%) Total score: 29409 Latest messages: You see here a cursed dagger. You stop running. You see here 2 violet gems. q - 2 violet gems. Please move the cursor to an unknown object. Never mind. The pony devours a clove of garlic. You miss the gnome lord. The gnome lord hits! You miss the gnome lord. The gnome lord hits! You hit the gnome lord. You hit the gnome lord! The gnome lord hits! You hit the gnome lord. The gnome lord hits! You hit the gnome lord. You kill the gnome lord! The gnome king wields a thonged club! You hit the gnome king! The gnome king swings his thonged club. The gnome king hits! You die... Final status: Goodbye Green the Priest, killed by a gnome king... You died in The Gnomish Mines on dungeon level 4 with 29409 points, and 187 pieces of gold, after 1262 moves. You were level 4 with a maximum of 29 hit points when you died.